AoeStats
← [RZ] HardZeeiRa-BR

Arabia

508534631Analyzed
1v1 RM · 10d ago on Sep 22, 2026· 56m 4s· 2 players
Game mode
Random Map
Map size
Tiny (2 player)
Population
200
Speed
Normal
Resources
Standard
Victory
Conquest
Starting age
Dark Age
Ending age
Imperial Age
RankedLock teamsTeams togetherTeam positionsShared explorationLock speedFull tech treeHidden civsTurbo modeCheats
Victory
Defeat
🇧🇷 Franks · Brazil
1203
+15
🇵🇪 Saracens · Peru
1185
-15
EKil10
4:42 Loom
10:46 Feudal Age
13:02 Fletching
22:52 Castle Age
21:01 Padded Archer Armor
21:09 Horse Collar
21:22 Gold Mining
22:28 Scale Barding Armor
23:36 Bodkin Arrow
23:27 Crossbowman
24:17 Double-Bit Axe
25:21 Forging
27:12 Bow Saw
27:41 Iron Casting
26:32 Pikeman
28:00 Leather Archer Armor
28:24 Heavy Plow
29:04 Scale Mail Armor
32:36 Wheelbarrow
35:09 Chain Mail Armor
44:18 Imperial Age
43:49 Hand Cart
44:51 Thumb Ring
45:20 Bracer
45:53 Conscription
46:37 Arbalester
47:50 Ring Archer Armor
49:34 Husbandry
49:44 Bloodlines
53:38 Squires
[RZ] HardZeeiRa-BR
6:24 Loom
8:47 Feudal Age
11:55 Double-Bit Axe
18:56 Wheelbarrow
22:15 Castle Age
21:13 Scale Barding Armor
21:07 Gold Mining
22:21 Forging
24:36 Husbandry
25:49 Chain Barding Armor
28:10 Iron Casting
33:57 Gold Shaft Mining
34:21 Fletching
34:53 Stone Mining
43:14 Bodkin Arrow
47:06 Imperial Age
49:48 Cavalier
52:40 Plate Barding Armor
53:37 Herbal Medicine
Connection lost

Rejoining the realm…

Still unreachable

The connection could not be restored.

Session expired

The server has moved on; the page needs a fresh start.